 Dungeon Crawl Stone Soup version 0.29.1-14-g9c671dbff4 (webtiles) character file.

Game seed: 5664792892399175004

49 DskReedErrur the Ducker (level 3, -1/24 HPs)
             Began as a Demonspawn Wanderer on Feb 21, 2023.
             Killed from afar by an orc wizard (5 damage)
             ... with a magic dart
             ... on level 2 of the Dungeon.
             The game lasted 00:19:06 (2286 turns).

DskReedErrur the Ducker (Demonspawn Wanderer)       Turns: 2286, Time: 00:19:09

Health: -1/24      AC:  2    Str: 13    XL:     3   Next: 51%
Magic:  3/4        EV: 14    Int: 10    God:
Gold:   92         SH:  0    Dex: 16    Spells: 2/4 levels left

rFire   . . .      SeeInvis .   a - +0 quarterstaff
rCold   + . .      Faith    .   (shield currently unavailable)
rNeg    . . .      Spirit   .   l - +0 robe
rPois   .          Reflect  .   (no helmet)
rElec   .          Harm     .   (no cloak)
rCorr   .          Rampage  .   (no gloves)
Will    .....                   (no boots)
Stlth   +.........              (no amulet)
HPRegen 0.08/turn               h - ring of protection from cold
MPRegen 0.09/turn               c - ring of wizardry

@: confused
A: powered by death 1, condensation shield
a: no special abilities


You were on level 2 of the Dungeon.
You visited 1 branch of the dungeon, and saw 2 of its levels.

You collected 92 gold pieces.

Inventory:

Hand Weapons
 a - a +0 quarterstaff (weapon)
Armour
 b - a +2 leather armour
 l - a +0 robe (worn)
Magical Staves
 g - a staff of poison
Jewellery
 c - a ring of wizardry (right hand)
 h - a ring of protection from cold (left hand)
Scrolls
 d - a scroll of teleportation {unknown}
 j - a scroll of blinking
 m - a scroll of vulnerability {unknown}
 o - a scroll of noise {unknown}
Potions
 e - a potion of haste {unknown}
 f - a potion of degeneration {unknown}
 i - a potion of cancellation {unknown}
 n - 2 potions of lignification
 p - 2 potions of might


   Skills:
 - Level 2.0 Staves
 - Level 1.0 Armour
 + Level 4.7 Dodging
 - Level 1.3 Stealth
 * Level 1.3 Spellcasting
 * Level 0.6 Conjurations
 - Level 1.6 Poison Magic
 - Level 1.0 Evocations


You had 2 spell levels left.
You knew the following spells:

 Your Spells              Type           Power      Damage    Failure   Level
a - Static Discharge      Conj/Air       1%         3-4/arc   17%         2

Your spell library contained the following spells:

 Spells                   Type           Power      Damage    Failure   Level
 Sticky Flame             Conj/Fire      1%         2d3       71%         4
 Dispel Undead            Necr           0%         3d6       77%         4


Dungeon Overview and Level Annotations

Branches:
Dungeon (2/15)

Altars:


Innate Abilities, Weirdness & Mutations

You regenerate a little health from kills.
A meltable shield of frost defends you. (SH +4)


Message History

You hear a shout!
As you read the scroll of identify, it crumbles to dust.
p - 2 potions of might You sock the orc!
You kill the orc!
Something hits you.
You hit something. Something hits you.
You barely miss something. Something hits you but does no damage.
Casting: Static Discharge (safe; 17% risk of failure)
Confirm with . or Enter, or press ? or * to list all spells.
You can't see any susceptible monsters within range! (Use Z to cast anyway.)
Casting: Static Discharge (safe; 17% risk of failure)
Confirm with . or Enter, or press ? or * to list all spells.
You miscast Static Discharge.
You are very lightly contaminated with residual magic.
Nothing appears to happen.
Something hits you.
You hit something but do no damage.
You hear some strange, mumbled words.
A magic dart appears from out of thin air!
The magic dart hits you!
You hit something. Something barely misses you.
You miss something.
Something hits you but does no damage. x2
You closely miss something.
You hear some strange, mumbled words.
A magic dart appears from out of thin air!
The magic dart hits you.
* * * LOW HITPOINT WARNING * * *
You hit something. Something hits you.
* * * LOW HITPOINT WARNING * * *
You miss something. Something hits you but does no damage.
Your magical contamination has completely faded away.
You barely miss something. Something hits you.
* * * LOW HITPOINT WARNING * * *
You barely miss something.
You hear some strange, mumbled words.
You are confused.
You hear some strange, mumbled words.
A magic dart appears from out of thin air!
The magic dart hits you.
You die...

###.####.# #.#
#.##.##.##. #
#.# #.#
#..........
#.# #.#
####.......
#.# #.#
####.### #.#
#.# #.# #.#
#.# #.# #.#
#.# #.# #.#
#.# #.# #.#
#@# ..#
#.###{#####.##
###
#..##.....o..#
##.########..#
#.# .o{ #.# .
.# #.# #.# #.#
#.# #.#


There were no monsters in sight!

Vanquished Creatures
  2 dart slugs (D:1)
  An orc (D:2)
  4 endoplasms
  3 giant cockroaches
  3 goblins (D:1)
  4 hobgoblins
  2 quokkas (D:2)
  5 ball pythons
  5 bats
  3 frilled lizards (D:1)
  5 kobolds
  3 rats (D:1)
40 creatures vanquished.

Notes
Turn   | Place    | Note
-------+----------+-------------------------------------------
     0 | D:1      | DskReedErrur the Demonspawn Wanderer began the quest for
                  | the Orb.
     0 | D:1      | DskReedErrur set off with the following items: a +0
                  | quarterstaff, a +2 leather armour, a potion of
                  | lignification, a scroll of silence.
     0 | D:1      | Reached XP level 1. HP: 13/13 MP: 2/2
   330 | D:1      | Gained mutation: You regenerate a little health from kills.
                  | [demonic ancestry]
   330 | D:1      | Reached XP level 2. HP: 10/19 MP: 3/3
   795 | D:1      | Reached skill level 1 in Poison Magic
   927 | D:1      | Learned a level 2 spell: Static Discharge
  1333 | D:1      | Gained mutation: A meltable shield of frost defends you.
                  | (SH +4) [demonic ancestry]
  1333 | D:1      | Reached XP level 3. HP: 22/24 MP: 4/4
  1338 | D:1      | Reached skill level 1 in Evocations
  2286 | D:2      | Killed from afar by an orc wizard

Illustrated notes

Levels and vault maps discovered:
D:1:      dpeg_arrival_simpleton_a, layout_loops_ring, chequers_mini_garden,
          minmay_tall_x
D:2:      layout_loops_ring, dreamdust_ecumenical_altar_statues, uniq_jessica

Skill      XL: |  1  2  3 |
---------------+----------+-----
Staves         | 2 |  2.0
Poison Magic   | 1 |  1.6
Evocations     | 1 |  1.0
Armour         | |  1.0
Dodging        | |  4.7
Stealth        | |  1.3
Spellcasting   | |  1.3
Conjurations   | |  0.6

Action                   || total
-------------------------++-------
Melee: Quarterstaff      ||    83
       Staff             ||    54
       Punch             ||     3
 Cast: Static Discharge  ||     1
  Use: Scroll            ||     5
       Potion            ||     1
 Stab: Sleeping          ||     2
Armor: Leather armour    ||    36
       Skin              ||    12
       Robe              ||     5
Dodge: Dodged            ||    86
Block: Other             ||     8
